HSSL
FRESNO HS RED WINGS @ MARIS SCHOOL
04/17/2024
 
TOP OF THE 1ST
Fresno HS Red Wings batting - Pitching for Maris School : LHP Bob Palmer
Pitching: LHP Bob Palmer
Batting: RHB Chris Osborn 0-0: TRIPLE (Line Drive, 89M)
Batting: RHB Jack Hogan 0-0: Ball
1-0: Foul Ball, location: 2F
1-1: Ball
2-1: Ball
3-1: Base on Balls
Batting: RHB Juan Bruno 0-0: Ball
1-0: Swinging Strike
1-1: SINGLE (Line Drive, 9S)
Chris Osborn scores
Jack Hogan to second
Runner from 2nd tries for 3rd, OUT!
Juan Bruno to second
Batting: LHB Jack Mitchell 0-0: Ball
1-0: Swinging Strike
1-1: Ball
2-1: Swinging Strike
2-2: Ball
3-2: Fly out, F2 (Popup, 25F)
Batting: RHB Matt Snow 0-0: Fly out, F8 (Flyball, 8RM)
Top of the 1st over - 1 run(s), 2 hit(s), 0 error(s), 1 left on base; Fresno HS 1 - Maris School 0
BOTTOM OF THE 1ST
Maris School batting - Pitching for Fresno HS Red Wings : RHP Jeff Finley
Pitching: RHP Jeff Finley
Batting: RHB Jason Ward 0-0: Ball
1-0: Ground out 5-3 (Groundball, 5)
Batting: RHB John Scammell 0-0: Called Strike
0-1: Ball
1-1: Foul Ball, location: 2F
1-2: Ball
2-2: Fly out, F9 (Flyball, 89M)
Batting: RHB Dan Duckworth 0-0: Swinging Strike
0-1: Ball
1-1: Ball
2-1: Ball
3-1: Base on Balls
Batting: LHB Denny Poole 0-0: Ball
1-0: Ball
2-0: Foul Ball, location: 2F
2-1: Foul Ball, location: 2F
2-2: Foul Ball, location: 2F
2-2: Foul Ball, location: 2F
2-2: SINGLE (Flyball, 8LS)
Dan Duckworth to second
Batting: RHB Denis Miller 0-0: Ball
1-0: SINGLE (Popup, 56S)
Dan Duckworth to third
Denny Poole to second
Runner from 3rd tries for Home, SAFE, no throw or cutoff
Batting: RHB Bruce Adams 0-0: DOUBLE (Line Drive, 9LM)
Denny Poole scores
Denis Miller to third
Runner from 3rd tries for Home, SAFE, no throw or cutoff
Batting: RHB Marshall Normore 0-0: Ball
1-0: Ball
2-0: Ball
3-0: Base on Balls
Batting: RHB Jared Chávez 0-0: DOUBLE (Line Drive, 5D)
Bruce Adams scores
Marshall Normore to third
Batting: RHB Ed Jackson 0-0: Called Strike
0-1: Ball
1-1: Swinging Strike
1-2: Foul Ball, location: 2F
1-2: Ball
2-2: SINGLE (Groundball, 34D)
Marshall Normore scores
Jared Chávez to third
Batting: RHB Jason Ward 0-0: Called Strike
0-1: Fly out, F5 (Line Drive, 5)
Bottom of the 1st over - 5 run(s), 5 hit(s), 0 error(s), 2 left on base; Fresno HS 1 - Maris School 5
TOP OF THE 2ND
Fresno HS Red Wings batting - Pitching for Maris School : LHP Bob Palmer
Batting: RHB Johnny Carson 0-0: Called Strike
0-1: Swinging Strike
0-2: SINGLE (Flyball, 3D)
Batting: RHB Jeffrey Barker 0-0: Called Strike
0-1: Called Strike
0-2: Ball
1-2: Foul Ball, location: 2F
1-2: 2-RUN HOME RUN (Line Drive, 8RXD), Distance : 449 ft
Batting: RHB Joel García 0-0: Ball
1-0: Called Strike
1-1: Foul Ball, location: 2F
1-2: Ball
2-2: Strikes out looking
Batting: RHB Cristo Avalos 0-0: Ball
1-0: Foul Ball, location: 2F
1-1: Ball
2-1: Swinging Strike
2-2: Strikes out swinging
Batting: RHB Chris Osborn 0-0: Called Strike
0-1: Ball
1-1: Ball
2-1: Swinging Strike
2-2: Ground out 1-3 (Groundball, 23)
Top of the 2nd over - 2 run(s), 2 hit(s), 0 error(s), 0 left on base; Fresno HS 3 - Maris School 5
BOTTOM OF THE 2ND
Maris School batting - Pitching for Fresno HS Red Wings : RHP Jeff Finley
Batting: RHB John Scammell 0-0: Foul Ball, location: 2F
0-1: Ball
1-1: Swinging Strike
1-2: Strikes out swinging
Batting: RHB Dan Duckworth 0-0: Called Strike
0-1: Ground out 6-3 (Groundball, 6MS)
Batting: LHB Denny Poole 0-0: Foul Ball, location: 2F
0-1: Ball
1-1: Ball
2-1: Called Strike
2-2: Ball
3-2: Strikes out swinging
Bottom of the 2nd over - 0 run(s), 0 hit(s), 0 error(s), 0 left on base; Fresno HS 3 - Maris School 5
TOP OF THE 3RD
Fresno HS Red Wings batting - Pitching for Maris School : LHP Bob Palmer
Batting: RHB Jack Hogan 0-0: Ball
1-0: Called Strike
Error on foul ball, E7
1-2: Fly out, F8 (Flyball, 8LS)
Batting: RHB Juan Bruno 0-0: Fly out, F4 (Popup, 34D)
Batting: LHB Jack Mitchell 0-0: Ball
1-0: Ball
2-0: Ball
3-0: Called Strike
3-1: Fly out, F7 (Flyball, 7S)
Top of the 3rd over - 0 run(s), 0 hit(s), 1 error(s), 0 left on base; Fresno HS 3 - Maris School 5
BOTTOM OF THE 3RD
Maris School batting - Pitching for Fresno HS Red Wings : RHP Jeff Finley
Batting: RHB Denis Miller 0-0: Foul Ball, location: 2F
0-1: Fly out, F9 (Flyball, 9M)
Batting: RHB Bruce Adams 0-0: Fly out, F7 (Flyball, 7M)
Batting: RHB Marshall Normore 0-0: Ball
1-0: Ball
2-0: Called Strike
2-1: Called Strike
2-2: Foul Ball, location: 2F
2-2: Foul Ball, location: 2F
2-2: Ball
3-2: Base on Balls
Batting: RHB Jared Chávez 0-0: Fly out, F7 (Line Drive, 78M)
Bottom of the 3rd over - 0 run(s), 0 hit(s), 0 error(s), 1 left on base; Fresno HS 3 - Maris School 5
TOP OF THE 4TH
Fresno HS Red Wings batting - Pitching for Maris School : LHP Bob Palmer
Batting: RHB Matt Snow 0-0: Swinging Strike
0-1: Swinging Strike
0-2: Strikes out swinging
Batting: RHB Johnny Carson 0-0: Ball
1-0: Foul Ball, location: 2F
1-1: Foul Ball, location: 2F
1-2: Fly out, F5 (Popup, 5F)
Batting: RHB Jeffrey Barker 0-0: Ball
1-0: Swinging Strike
1-1: Ball
2-1: SINGLE (Line Drive, 7S)
Batting: RHB Joel García 0-0: Ball
1-0: Called Strike
1-1: Foul Ball, location: 2F
1-2: Strikes out swinging
Top of the 4th over - 0 run(s), 1 hit(s), 0 error(s), 1 left on base; Fresno HS 3 - Maris School 5
BOTTOM OF THE 4TH
Maris School batting - Pitching for Fresno HS Red Wings : RHP Jeff Finley
Batting: RHB Ed Jackson 0-0: Ball
1-0: Called Strike
1-1: Foul Ball, location: 2F
1-2: Foul Ball, location: 2F
1-2: SINGLE (Groundball, 56D)
Batting: RHB Jason Ward 0-0: Called Strike
Ed Jackson steals 2nd base
0-1: SINGLE (Line Drive, 4MD)
Ed Jackson to third
Batting: RHB John Scammell 0-0: Swinging Strike
0-1: Ball
1-1: Called Strike
1-2: Foul Ball, location: 2F
1-2: Strikes out swinging
Batting: RHB Dan Duckworth 0-0: Fly out, F3 (Popup, 3SF)
Batting: LHB Denny Poole 0-0: Called Strike
0-1: Ball
1-1: Ball
2-1: DOUBLE (Line Drive, 9LS)
Ed Jackson scores
Jason Ward to third
Runner from 3rd tries for Home, SAFE, no throw or cutoff
Pitching: LHP Israel Martínez
Batting: RHB Denis Miller 0-0: SINGLE (Line Drive, 8LS)
Denny Poole to third
Batting: RHB Bruce Adams 0-0: Called Strike
0-1: Foul Ball, location: 2F
0-2: Ball
1-2: Foul Ball, location: 2F
1-2: SINGLE (Line Drive, 4M)
Denny Poole scores
Denis Miller to second
Runner from 2nd tries for 3rd, SAFE, throw made to third
Batting: RHB Marshall Normore 0-0: Ball
1-0: Foul Ball, location: 2F
1-1: Ball
2-1: Called Strike
2-2: Strikes out swinging
Bottom of the 4th over - 3 run(s), 5 hit(s), 0 error(s), 2 left on base; Fresno HS 3 - Maris School 8
TOP OF THE 5TH
Fresno HS Red Wings batting - Pitching for Maris School : LHP Bob Palmer
Batting: RHB Cristo Avalos 0-0: Swinging Strike
0-1: Swinging Strike
0-2: Ball
1-2: Ball
2-2: Ground out 1-3 (Groundball, 15S)
Batting: RHB Chris Osborn 0-0: Ball
1-0: Ball
2-0: Called Strike
2-1: Swinging Strike
2-2: Strikes out swinging
Batting: RHB Jack Hogan 0-0: Ball
Reached via error on a dropped throw, E3
Batting: RHB Juan Bruno 0-0: Ball
1-0: Swinging Strike
1-1: Fly out, F8 (Flyball, 8LM)
Top of the 5th over - 0 run(s), 0 hit(s), 1 error(s), 1 left on base; Fresno HS 3 - Maris School 8
BOTTOM OF THE 5TH
Maris School batting - Pitching for Fresno HS Red Wings : LHP Israel Martínez
Batting: RHB Jared Chávez 0-0: SINGLE (Flyball, 89S)
Batting: RHB Ed Jackson 0-0: Ball
1-0: Ball
2-0: Ball
3-0: Base on Balls
Jared Chávez to second
Batting: RHB Jason Ward 0-0: Swinging Strike
0-1: Called Strike
0-2: Strikes out swinging
Batting: RHB John Scammell 0-0: Foul Ball, location: 2F
0-1: Swinging Strike
0-2: Ball
1-2: Foul Ball, location: 2F
1-2: Ball
2-2: DOUBLE (Line Drive, 89S)
Jared Chávez scores
Ed Jackson to third
Batting: RHB Dan Duckworth 0-0: Called Strike
0-1: Ball
1-1: Ball
2-1: Ball
3-1: Called Strike
3-2: Fly out, F8 (Flyball, 89D)
Runner from 3rd tags up, SCORES, no throw
Batting: LHB Denny Poole 0-0: SINGLE (Groundball, 34D)
John Scammell to third
Runner from 3rd tries for Home, SAFE, no throw or cutoff
Batting: RHB Denis Miller 0-0: Foul Ball, location: 2F
0-1: Foul Ball, location: 2F
0-2: Ball
Wild Pitch!
Denny Poole to second
1-2: Ground out 1-3 (Groundball, 13S)
Bottom of the 5th over - 3 run(s), 3 hit(s), 0 error(s), 1 left on base; Fresno HS 3 - Maris School 11
TOP OF THE 6TH
Fresno HS Red Wings batting - Pitching for Maris School : LHP Bob Palmer
Batting: LHB Jack Mitchell 0-0: Foul Ball, location: 2F
0-1: Foul Ball, location: 2F
0-2: Foul Ball, location: 2F
0-2: Foul Ball, location: 2F
0-2: SINGLE (Groundball, 34D) (infield hit)
Pitching: RHP Steven Lawson
Batting: RHB Matt Snow 0-0: SINGLE (Line Drive, 6MD)
Jack Mitchell to second
Batting: RHB Johnny Carson 0-0: Foul Ball, location: 2F
0-1: Ball
1-1: Called Strike
1-2: Grounds into double play, 6-4-3 (Groundball, 6)
Jack Mitchell to third
Batting: RHB Jeffrey Barker 0-0: Ball
1-0: Ball
2-0: Called Strike
2-1: Called Strike
2-2: Foul Ball, location: 2F
2-2: Foul Ball, location: 2F
2-2: Fly out, F4 (Line Drive, 4)
Top of the 6th over - 0 run(s), 2 hit(s), 0 error(s), 1 left on base; Fresno HS 3 - Maris School 11
BOTTOM OF THE 6TH
Maris School batting - Pitching for Fresno HS Red Wings : LHP Israel Martínez
Batting: RHB Bruce Adams 0-0: Called Strike
0-1: Fly out, F8 (Flyball, 89S)
Batting: RHB Marshall Normore 0-0: Called Strike
0-1: Ground out 4-3 (Groundball, 4M)
Batting: RHB Jared Chávez 0-0: Fly out, F5 (Popup, 15S)
Bottom of the 6th over - 0 run(s), 0 hit(s), 0 error(s), 0 left on base; Fresno HS 3 - Maris School 11
TOP OF THE 7TH
Fresno HS Red Wings batting - Pitching for Maris School : RHP Steven Lawson
Batting: RHB Joel García 0-0: Ball
1-0: Called Strike
1-1: Ball
2-1: Ball
3-1: Called Strike
3-2: Fly out, F3 (Popup, 3SF)
Batting: RHB Cristo Avalos 0-0: Ball
1-0: Foul Ball, location: 2F
1-1: Fly out, F8 (Line Drive, 8LM)
Batting: RHB Chris Osborn 0-0: Swinging Strike
0-1: Foul Ball, location: 2F
0-2: Foul Ball, location: 2F
0-2: Strikes out swinging
Top of the 7th over - 0 run(s), 0 hit(s), 0 error(s), 0 left on base; Fresno HS 3 - Maris School 11
BOTTOM OF THE 7TH
Maris School batting - Pitching for Fresno HS Red Wings : LHP Israel Martínez
Pitching: RHP Qi-chen Mi
Batting: RHB Ed Jackson 0-0: Ball
1-0: Ball
2-0: Ball
3-0: Base on Balls
Batting: RHB Jason Ward 0-0: Called Strike
0-1: Ball
1-1: Bunted foul
1-2: Ball
2-2: Grounds into double play, 6-4-3 (Groundball, 6)
Batting: RHB John Scammell 0-0: Fly out, F3 (Popup, 34S)
Bottom of the 7th over - 0 run(s), 0 hit(s), 0 error(s), 0 left on base; Fresno HS 3 - Maris School 11
TOP OF THE 8TH
Fresno HS Red Wings batting - Pitching for Maris School : RHP Steven Lawson
Pitching: RHP Hugh Hale
Batting: RHB Jack Hogan 0-0: Ball
1-0: Called Strike
1-1: Swinging Strike
1-2: Foul Ball, location: 2F
1-2: Ball
2-2: Strikes out swinging
Batting: RHB Juan Bruno 0-0: Foul Ball, location: 2F
0-1: Ball
1-1: Swinging Strike
1-2: Foul Ball, location: 2F
1-2: Ball
2-2: SINGLE (Groundball, 34D)
Batting: LHB Jack Mitchell 0-0: Called Strike
0-1: Ball
1-1: Foul Ball, location: 2F
1-2: Ball
2-2: Foul Ball, location: 2F
2-2: Ball
3-2: Strikes out swinging
Batting: RHB Matt Snow 0-0: Called Strike
0-1: Foul Ball, location: 2F
0-2: Strikes out swinging
Top of the 8th over - 0 run(s), 1 hit(s), 0 error(s), 1 left on base; Fresno HS 3 - Maris School 11
BOTTOM OF THE 8TH
Maris School batting - Pitching for Fresno HS Red Wings : RHP Qi-chen Mi
Batting: RHB Dan Duckworth 0-0: Reached on error, E5 (Groundball, 5S)
Batting: LHB Denny Poole 0-0: Foul Ball, location: 2F
0-1: Foul Ball, location: 2F
0-2: Foul Ball, location: 2F
0-2: Ball
1-2: Foul Ball, location: 2F
1-2: Foul Ball, location: 2F
1-2: Ball
2-2: Ball
3-2: 2-RUN HOME RUN (Flyball, 9D), Distance : 397 ft
Batting: RHB Denis Miller 0-0: Ball
1-0: Called Strike
1-1: Ball
2-1: Ball
3-1: Called Strike
3-2: Strikes out looking
Batting: RHB Bruce Adams 0-0: Fly out, F3 (Line Drive, 3S)
Batting: RHB Marshall Normore 0-0: Ball
1-0: Called Strike
1-1: Swinging Strike
1-2: Ball
2-2: Ball
3-2: SINGLE (Line Drive, 7S)
Batting: RHB Jared Chávez 0-0: Ball
1-0: Foul Ball, location: 2F
1-1: Fly out, F3 (Popup, 3D)
Bottom of the 8th over - 2 run(s), 2 hit(s), 1 error(s), 1 left on base; Fresno HS 3 - Maris School 13
TOP OF THE 9TH
Fresno HS Red Wings batting - Pitching for Maris School : RHP Hugh Hale
Batting: RHB Johnny Carson 0-0: Ball
1-0: Ball
2-0: Called Strike
2-1: Ball
3-1: Foul Ball, location: 2F
3-2: Base on Balls
Batting: RHB Jeffrey Barker 0-0: Called Strike
0-1: Ball
1-1: Swinging Strike
1-2: Strikes out swinging
Batting: RHB Joel García 0-0: Called Strike
0-1: Grounds into double play, 6-4-3 (Groundball, 6)
Top of the 9th over - 0 run(s), 0 hit(s), 0 error(s), 0 left on base; Fresno HS 3 - Maris School 13
This league is powered by Out of the Park Baseball, the baseball management simulation game for PC, Mac and Linux
Saturday, April 9th, 2016 - OOTP Baseball 16.8 Build 38